 Dungeon Crawl Stone Soup version 0.29.1-15-g9cfb28693d (webtiles) character file.

Game seed: 10014043302863832309

346 Heoruswealwe the Magician (level 6, -1/32 HPs)
             Began as a Deep Elf Conjurer on Mar 8, 2023.
             Shot with an arrow by a centaur (5 damage)
             ... on level 5 of the Dungeon.
             The game lasted 00:39:07 (3342 turns).

Heoruswealwe the Magician (Deep Elf Conjurer)       Turns: 3342, Time: 00:39:09

Health: -1/32      AC:  2    Str:  4    XL:     6   Next: 32%
Magic:  9/17       EV: 12    Int: 25    God:
Gold:   205        SH:  0    Dex: 13    Spells: 15/18 levels left

rFire   . . .      SeeInvis .   s - +0 falchion
rCold   . . .      Faith    .   (no shield)
rNeg    . . .      Spirit   .   a - +0 robe
rPois   .          Reflect  .   (no helmet)
rElec   .          Harm     .   (no cloak)
rCorr   .          Rampage  .   (no gloves)
Will    .....                   (no boots)
Stlth   ++........              k - amulet of regeneration
HPRegen 0.90/turn               e - ring of wizardry
MPRegen 0.15/turn               h - ring of flight

@: flying
A: no striking features
a: no special abilities


You were on level 5 of the Dungeon.
You visited 1 branch of the dungeon, and saw 5 of its levels.

You collected 205 gold pieces.

Inventory:

Hand Weapons
 s - a +0 falchion (weapon)
Armour
 a - a +0 robe (worn)
Jewellery
 e - a ring of wizardry (left hand)
 h - a ring of flight (right hand)
 k - an amulet of regeneration (around neck)
Wands
 j - a wand of charming (8)
Scrolls
 b - 2 scrolls of fear {unknown}
 c - a scroll of amnesia {unknown}
 d - a scroll of noise {unknown}
 f - a scroll of silence {unknown}
 l - a scroll of teleportation {unknown}
 n - a scroll of immolation {unknown}
 p - a scroll of identify {unknown}
 q - 3 scrolls of poison
 r - a scroll of butterflies {unknown}
 t - a scroll of blinking {unknown}
 v - 2 scrolls of summoning {unknown}
 w - a scroll of magic mapping {unknown}
Potions
 g - a potion of curing {unknown}
 i - a potion of resistance {unknown}
 m - 2 potions of lignification {unknown}
 o - a potion of haste {unknown}
 u - 2 potions of heal wounds {unknown}
 x - a potion of degeneration {unknown}


   Skills:
 - Level 2.4 Dodging
 - Level 2.4 Stealth
 + Level 6.7 Spellcasting
 + Level 6.7 Conjurations


You had 15 spell levels left.
You knew the following spells:

 Your Spells              Type           Power      Damage    Failure   Level
a - Magic Dart            Conj           100%       1d8       1%          1
b - Searing Ray           Conj           84%        2d7       1%          2

Your spell library contained the following spells:

 Spells                   Type           Power      Damage    Failure   Level
 Shock                    Conj/Air       100%       1d9       1%          1
 Necrotise                Necr           32%        1d5       2%          1
 Conjure Flame            Conj/Fire      25%        6-21      2%          3
 Dazzling Flash           Conj/Hex       50%        N/A       2%          3
 Sublimation of Blood     Necr           8%         N/A       4%          2
 Fulminant Prism          Conj/Hex       12%        3d9       7%          4
 Iskenderun's Mystic Bla  Conj/Tloc      25%        2d7       7%          4
 Sticky Flame             Conj/Fire      25%        2d5       7%          4
 Ignite Poison            Fire/Tmut/Pois 8%         N/A       9%          3
 Swiftness                Air            8%         N/A       9%          3
 Vampiric Draining        Necr           8%         2d6       9%          3
 Irradiate                Conj/Tmut      12%        3d15      19%         5
 Airstrike                Air            4%         2d(1-17)  26%         4
 Animate Dead             Necr           8%         N/A       26%         4
 Dispel Undead            Necr           8%         3d8       26%         4
 Petrify                  Tmut/Erth      8%         N/A       26%         4
 Agony                    Necr           8%         N/A       56%         5
 Silence                  Hex/Air        4%         N/A       56%         5
 Starburst                Conj/Fire      12%        6d5       69%         6
 Borgnjor's Revivificati  Necr           4%         N/A       100%        8
 Lehudib's Crystal Spear  Conj/Erth      12%        10d4      100%        8


Dungeon Overview and Level Annotations

Branches:
Dungeon (5/15)
 Temple: D:4-7

Altars:
Kikubaaqudgha
Okawaru

Shops:
D:3 :


Message History

The magic dart hits the adder.
The adder is heavily wounded.
The adder hisses angrily.
The magic dart hits the adder.
The adder is heavily wounded.
The magic dart hits the adder.
The adder is almost dead.
The magic dart hits the adder.
The adder is almost dead.
The magic dart hits the adder.
You kill the adder!
Found 7 gold pieces.
Found a chain mail.
A centaur comes into view.
The magic dart hits the centaur.
The centaur is lightly wounded.
The centaur wields a +0 shortbow.
The centaur shoots an arrow.
The arrow hits you!
The magic dart hits the centaur.
The centaur is heavily wounded.
The centaur shoots an arrow.
The arrow hits you!
You are too injured to fight recklessly!
Casting: Magic Dart (safe; 1% risk of failure)
Confirm with . or Enter, or press ? or * to list all spells.
Aiming: Magic Dart (safe; 1% risk of failure)
Press: ? - help, Shift-Dir - straight line, f/p - centaur
Aim: a centaur, wielding a +0 shortbow (heavily wounded, 100% to hit)
The magic dart hits the centaur but does no damage.
The centaur is heavily wounded.
The centaur shoots an arrow.
The arrow hits you!
* * * LOW HITPOINT WARNING * * *
Casting: Magic Dart (safe; 1% risk of failure)
Confirm with . or Enter, or press ? or * to list all spells.
Aiming: Magic Dart (safe; 1% risk of failure)
Press: ? - help, Shift-Dir - straight line, f/p - centaur
Aim: a centaur, wielding a +0 shortbow (heavily wounded, 100% to hit)
The magic dart hits the centaur.
The centaur is heavily wounded.
The centaur shoots an arrow.
The arrow hits you.
You die...

... . .... . #..
#+####### .##.#
........# ...#
........# #..#
.c[$...@######..#
#...............# #
###############.#.#
#.# ########.#.# #<#
#..........# #.#
#..........#
#.####..........#
#...............#
########...........#


You could see a centaur.

Vanquished Creatures
  A black bear (D:4)
  A bullfrog (D:3)
  An orc priest (D:4)
  A hound (D:5)
  An orc wizard (D:3)
  2 adders
  An ufetubus (D:4)
  3 worms
  3 dart slugs
  7 orcs
  6 bats
  7 endoplasms
  A giant cockroach (D:2)
  2 hobgoblins (D:2)
  6 jackals
  5 kobolds
  3 quokkas
  7 ball pythons
  5 frilled lizards
  6 goblins
  7 rats
76 creatures vanquished.

Vanquished Creatures (others)
  6 fungi (D:2)
  17 plants
23 creatures vanquished.

Grand Total: 99 creatures vanquished

Notes
Turn   | Place    | Note
-------+----------+-------------------------------------------
     0 | D:1      | Heoruswealwe the Deep Elf Conjurer began the quest for the
                  | Orb.
     0 | D:1      | Reached XP level 1. HP: 10/10 MP: 6/6
   248 | D:1      | Reached XP level 2. HP: 15/15 MP: 1/8
   275 | D:1      | Got the Catalogue of the Maze
   501 | D:1      | You fall into a shaft and drop 1 floor!
   629 | D:1      | Reached skill level 5 in Conjurations
   629 | D:1      | Reached XP level 3. HP: 16/19 MP: 2/10
   829 | D:2      | Found a faded altar of an unknown god.
   845 | D:2      | Prayed at the altar of an unknown god.
   845 | D:2      | Became a worshipper of Kikubaaqudgha
   845 | D:2      | Reached * piety under Kikubaaqudgha
   845 | D:2      | Received a gift from Kikubaaqudgha
   846 | D:2      | Fell from the grace of Kikubaaqudgha
  1188 | D:2      | Learned a level 2 spell: Searing Ray
  1822 | D:3      | Identified the +2 ring mail "Buehic" {rPois Slay+2}
  1914 | D:3      | Reached XP level 4. HP: 24/24 MP: 1/12
  1925 | D:3      | Reached skill level 5 in Spellcasting
  1962 | D:3      | Found Dostrot's Vocational Training.
  1963 | D:3      | Noticed a bullfrog
  1969 | D:3      | Killed a bullfrog
  1970 | D:3      | Reached XP level 5. HP: 28/28 MP: 3/15
  2566 | D:4      | Noticed a black bear
  2573 | D:4      | Killed a black bear
  2584 | D:4      | Reached XP level 6. HP: 32/32 MP: 3/17
  2979 | D:4      | Found an iron altar of Okawaru.
  3297 | D:5      | Entered Level 5 of the Dungeon
  3342 | D:5      | Shot with an arrow by a centaur

Illustrated notes

Levels and vault maps discovered:
D:1:      arrival_zaba_pyramid, layout_basic, hex_intersection
D:2:      layout_basic, shapermc_ecumenical_altar_mp_ritualfount,
          kennysheep_generic_room_8
D:3:      layout_rooms, nicolae_shop_vocational
D:4:      layout_basic, mainiacjoe_overflow_surrounded_room, minivault_1
D:5:      layout_basic, serial_curves, eino_curves_01, eino_curves_01,
          serial_bayou_crossing

Skill      XL: |  1  2  3  4  5 |
---------------+----------------+-----
Spellcasting   | 4 5 6 |  6.7
Conjurations   | 5 6 |  6.7
Dodging        | |  2.4
Stealth        | |  2.4

Action                   |  1- 3 |  4- 6 || total
-------------------------+-------+-------++-------
Melee: Short sword       |   103 |     1 ||   104
 Cast: Magic Dart        |    92 |    64 ||   156
       Searing Ray       |     1 |     3 ||     4
Invok: Renounce Religion |     1 |       ||     1
  Use: Scroll            |     1 |     1 ||     2
       Potion            |       |     1 ||     1
Armor: Robe              |     5 |     1 ||     6
Dodge: Dodged            |    17 |     3 ||    20
